AoeStats
← GuLy San (10)

Arabia

503500897Analyzed
1v1 RM · 1mo ago on Sep 1, 2026· 46m 11s· 2 players
Game mode
Random Map
Map size
Tiny (2 player)
Population
200
Speed
Normal
Resources
Standard
Victory
Conquest
Starting age
Dark Age
Ending age
Imperial Age
RankedLock teamsTeams togetherTeam positionsShared explorationLock speedFull tech treeHidden civsTurbo modeCheats
Victory
Defeat
🇧🇷 Mongols · Brazil
911
+15
🇦🇷 Maya · Argentina
897
-15
GuLy San (10)
0:25 Loom
10:11 Feudal Age
10:41 Double-Bit Axe
10:37 Horse Collar
16:34 Forging
18:52 Fletching
19:44 Gold Mining
23:27 Castle Age
23:30 Pikeman
24:11 Squires
23:36 Crossbowman
24:22 Thumb Ring
25:17 Bow Saw
25:33 Stone Mining
29:53 Stone Shaft Mining
30:08 Bodkin Arrow
30:50 Elite Skirmisher
31:39 Padded Archer Armor
35:52 Ballistics
38:26 Imperial Age
37:10 Iron Casting
38:57 Capped Ram
42:11 Arbalester
43:45 Halberdier
44:16 Eagle Warrior
Lechuga
11:48 Feudal Age
12:21 Double-Bit Axe
22:32 Castle Age
20:26 Stone Mining
20:28 Gold Mining
21:52 Bloodlines
24:29 Husbandry
25:40 Wheelbarrow
26:50 Hand Cart
29:59 Fletching
33:35 Imperial Age
32:27 Stone Shaft Mining
32:30 Gold Shaft Mining
32:22 Bow Saw
32:53 Ballistics
32:59 Bodkin Arrow
33:13 Light Cavalry
35:10 Thumb Ring
35:31 Parthian Tactics
39:44 Elite Mangudai
39:55 Hussar
40:57 Padded Archer Armor
40:57 Bracer
43:41 Masonry
44:33 Chemistry
Connection lost

Rejoining the realm…

Still unreachable

The connection could not be restored.

Session expired

The server has moved on; the page needs a fresh start.